 Dungeon Crawl Stone Soup version 0.24.0-13-gcf9b319 (webtiles) character file.

Game seed: 13500751416406983823, levelgen mode: deterministic

117 Fang the Skirmisher (level 5, -3/33 HPs)
             Began as a Gargoyle Berserker on Nov 18, 2019.
             Was a Believer of Trog.
             Slain by Ijyb
             ... wielding a +0 mace
              (9 damage)
             ... on level 3 of the Dungeon.
             The game lasted 00:02:44 (1324 turns).

Fang the Skirmisher (Gargoyle Berserker)            Turns: 1324, Time: 00:02:45

Health: -3/33      AC:  0    Str: 22    XL:     5   Next: 1%
Magic:  5/5        EV: 14    Int:  7    God:    Trog [**....]
Gold:   85         SH:  0    Dex:  9    Spells: 4/4 levels left

rFire    . . .     SeeInvis .   (weapon currently unavailable)
rCold    . . .     Gourm    .   (shield currently unavailable)
rNeg     + . .     Faith    .   (armour currently unavailable)
rPois    ∞         Spirit   .   (helmet currently unavailable)
rElec    .         Reflect  .   (cloak currently unavailable)
rCorr    .         Harm     .   (gloves currently unavailable)
MR       .....                  (boots currently unavailable)
Stlth    +.........             (no amulet)
HPRegen  0.11/turn              (ring currently unavailable)
MPRegen  0.09/turn              (ring currently unavailable)

@: pig-form (expiring), berserk cooldown, slowed
A: small, negative energy resistance 1, petrification resistance, rot immunity,
AC +4
a: Berserk, Trog's Hand, Renounce Religion


You were on level 3 of the Dungeon.
You worshipped Trog.
Trog was pleased with you.
You were hungry.
You were a filthy swine.
You visited 1 branch of the dungeon, and saw 3 of its levels.

You collected 85 gold pieces.

Inventory:

Hand Weapons
 a - a +0 hand axe (melded)
Armour
 b - a +0 chain mail (melded)
Jewellery
 i - an uncursed ring of protection from cold
 l - a ring of protection from fire (melded)
 o - a +3 ring of protection (melded)
Scrolls
 h - 3 scrolls of identify {unknown}
 j - a scroll of blinking {unknown}
 m - a scroll of teleportation {unknown}
 p - a scroll of immolation {unknown}
 q - a scroll of enchant armour {unknown}
 r - a scroll of enchant weapon {unknown}
Potions
 e - a potion of mutation {unknown}
 f - a potion of curing {unknown}
 g - a potion of degeneration {unknown}
 k - a potion of heal wounds {unknown}
 n - a potion of haste
Comestibles
 c - 5 rations
 d - 6 chunks of flesh


   Skills:
 + Level 4.1 Fighting
 + Level 3.4 Axes
 + Level 3.3 Armour
 + Level 2.4 Dodging


You had 4 spell levels left.
You didn't know any spells.
Your spell library was empty.

Dungeon Overview and Level Annotations

Branches:
Dungeon (3/15)

Altars:
Ru
Zin

Annotations:
D:3 Ijyb


Innate Abilities, Weirdness & Mutations

You are resistant to torment.
((Your stone body is resilient. (AC +4)))
You are immune to poison.
You resist negative energy. (rN+)
((You are resistant to electric shocks. (rElec)))
((You can survive without breathing.))
You are immune to petrification.
You are immune to rotting.


Message History

Items here: ( ))) a +0 hunting sling; a +0 club; a +0 hunting sling; 41 stones You feel a strong urge to attack something.
Items here: ) [[ † a +2 short sword of holy wrath; a +0 animal skin; a +0 helmet the hobgoblin corpse of Robin Ijyb throws a stone.
The stone hits you but does no damage.
You see here a stone.
You feel your anger nearly subside.
You are no longer berserk.
You are exhausted.
You feel yourself slow down. Ijyb barely misses you.
You barely miss Ijyb. Ijyb hits you but does no damage.
You hit Ijyb but do no damage. Ijyb hits you with a +0 mace!
* * * LOW HITPOINT WARNING * * *
You barely miss Ijyb. Ijyb misses you.
You hit Ijyb but do no damage.
Your transformation is almost over.
Ijyb hits you with a +0 mace!
You die...

...#....#.####....(..
#..#.#.# #...<###
#.†#.#.#####...... #
#.(#.#........####
#.#)(#.########.#...
.####.#))#.####
..#.##
.......(.......
.....#
.####.#.##.####
.#..<..# #.#h##.#
#.#.##... . #g##.# #
#...... ## #.# #.
.... ..# #.####. ###
#...... ###### # # #


You could see Ijyb.

Vanquished Creatures
  Robin (D:3)
  4 adders
  An ooze (D:3)
  A worm (D:2)
  A dart slug (D:1)
  2 leopard geckos
  2 orcs (D:3)
  3 giant cockroaches
  10 goblins
  7 hobgoblins
  3 jackals
  4 kobolds
  A quokka (D:3)
  7 bats
  A frilled lizard (D:1)
  9 rats
57 creatures vanquished.

Notes
Turn   | Place    | Note
-------+----------+-------------------------------------------
     0 | D:1      | Fang the Gargoyle Berserker began the quest for the Orb.
     0 | D:1      | Reached XP level 1. HP: 14/14 MP: 1/1
    67 | D:1      | Reached XP level 2. HP: 14/19 MP: 2/2
   646 | D:2      | Reached XP level 3. HP: 23/23 MP: 3/3
   699 | D:2      | Reached ** piety under Trog
   863 | D:2      | Found a faded altar of an unknown god.
  1024 | D:2      | You fall into a shaft and drop 1 floor!
  1058 | D:3      | Reached XP level 4. HP: 26/29 MP: 4/4
  1080 | D:3      | Found a sacrificial altar of Ru.
  1154 | D:3      | Found a glowing silver altar of Zin.
  1193 | D:3      | Reached skill level 4 in Fighting
  1296 | D:3      | Noticed Robin
  1303 | D:3      | Noticed Ijyb
  1315 | D:3      | Killed Robin
  1315 | D:3      | Reached XP level 5. HP: 21/33 MP: 5/5
  1324 | D:3      | Slain by Ijyb

Levels and vault maps discovered:
D:1:      tarquinn_simple_flora_water_e, layout_loops_ring,
          kennysheep_nondescript, chequers_serial_rivers_micro_d, minmay_unequal
D:2:      layout_basic, first_ration, chequers_ecumenical_altar_grove,
          uniq_jessica
D:3:      layout_basic, lemuel_doored_altar, overflow_temple_1_default,
          minmay_quantized, uniq_ijyb, uniq_robin

Skill      XL: |  1  2  3  4 |
---------------+-------------+-----
Dodging        | 2 |  2.4
Axes           | 3 |  3.4
Armour         | 3 |  3.3
Fighting       | 4 |  4.1

Action                   |  1- 3 |  4- 6 || total
-------------------------+-------+-------++-------
Melee: Hand axe          |   128 |    71 ||   199
       Unarmed           |       |    12 ||    12
Invok: Berserk           |       |     1 ||     1
  Eat: Chunk             |     1 |     1 ||     2
Armor: Animal skin       |    32 |       ||    32
       Chain mail        |    42 |    51 ||    93
Dodge: Dodged            |    69 |    49 ||   118
